 Dungeon Crawl Stone Soup version 0.31.0-32-g396128a36d (webtiles) character file.

Game seed: 16829765156051321374

151 spaghetti the Caller (level 5, -1/52 HPs)
             Began as a Demonspawn Summoner on Mar 10, 2024.
             Succumbed to an orc wizard's poison
             ... on level 3 of the Dungeon.
             The game lasted 00:03:03 (2496 turns).

spaghetti the Caller (Demonspawn Summoner)          Turns: 2496, Time: 00:03:03

Health: -1/52      AC:  3    Str: 12    XL:     5   Next: 10%
Magic:  6/10       EV: 12    Int: 20    God:
Gold:   119        SH:  0    Dex: 14    Spells: 1/11 levels left

rFire   . . .        f - +1 rapier of Wukhloxe {heavy, Str+4 Int+3}
rCold   . . .        (no shield)
rNeg    . . .        a - +1 robe
rPois   .            (no helmet)
rElec   .            (no cloak)
rCorr   .            (no gloves)
SInv    .            (no boots)
Will    .....        (no amulet) Stlth
                     (no ring)
HPRegen 0.28/turn    (no ring)
MPRegen 0.12/turn

%: no passive effects
@: berserking, lethally poisoned (-1 -> -17), attractive, inugami summoned, very
quick
A: spiny 1, sturdy frame 1
a: no special abilities


You were on level 3 of the Dungeon.
You visited 1 branch of the dungeon, and saw 3 of its levels.

You collected 119 gold pieces.

Inventory:

Hand Weapons
 f - the +1 rapier of Wukhloxe (weapon) {heavy, Str+4 Int+3}
   (You found it on level 2 of the Dungeon)

   Str+4:     It affects your strength (+4).
   Int+3:     It affects your intelligence (+3).
Armour
 a - a +1 robe (worn)
 m - a +0 plate armour
Magical Staves
 i - a staff of fire
 j - the staff of Fortitude {Fly rN+ Int-5 Necro Air Alchemy}
   (You found it on level 3 of the Dungeon)

   [staff of death]

   Base accuracy: +5 Base damage: 5 Base attack delay: 1.2 This weapon's minimum
   attack delay (0.6) is reached at skill level 12.
   Int-5:     It affects your intelligence (-5).
   rN+:       It protects you from negative energy.
   Fly:       It grants you flight.
   Necro:     It increases the power of your Necromancy spells.
   Air:       It increases the power of your Air spells.
   Alchemy:   It increases the power of your Alchemy spells.
   It falls into the 'Staves' category.
   It is a one-handed weapon.
Scrolls
 c - a scroll of enchant weapon
 g - 3 scrolls of poison {unknown}
 h - 2 scrolls of noise
 k - a scroll of immolation {unknown}
 l - a scroll of enchant armour
Potions
 b - a potion of magic


   Skills:
 - Level 1.7 Dodging
 - Level 1.7 Stealth
 + Level 3.7 Spellcasting
 + Level 5.3 Summonings
 + Level 0.3 Fire Magic


You had one spell level left.
You knew the following spells:

 Your Spells              Type           Power      Damage    Failure   Level
a - Summon Small Mammal   Summ           100%       N/A       1%          1
b - Call Imp              Summ           50%        N/A       2%          2
c - Call Canine Familiar  Summ           25%        N/A       4%          3
d - Summon Blazeheart Go  Fire/Summ      15%        N/A       38%         4

Your spell library contained the following spells:

 Spells                   Type           Power      Damage    Failure   Level
 Freeze                   Ice            12%        1d3       13%         1
 Ensorcelled Hibernation  Hex/Ice        6%         N/A       21%         2
 Dazzling Flash           Conj/Hex       6%         N/A       36%         3
 Frozen Ramparts          Ice            6%         1d1       36%         3
 Fugue of the Fallen      Necr           3%         N/A       36%         3
 Hailstorm                Conj/Ice       3%         3d5       36%         3
 Mephitic Cloud           Conj/Alch/Air  3%         N/A       36%         3
 Summon Lightning Spire   Summ/Air       14%        N/A       41%         4
 Anguish                  Hex/Necr       1%         N/A       78%         4
 Curse of Agony           Necr           3%         N/A       98%         5
 Silence                  Hex/Air        1%         N/A       98%         5


Dungeon Overview and Level Annotations

Branches:
Dungeon (3/15)

Altars:
Wu Jian


Innate Abilities, Weirdness & Mutations

You are partially covered in sharp spines.
Your movements are slightly less encumbered by armour. (ER -2)


Message History

No target in view!
No target in view!
No target in view!
No target in view!
No target in view!
No target in view!
Something hits you.
You are poisoned.
You feel very sick. Something barely misses you.
You feel sick. Something hits you but does no damage.
You are more poisoned.
You feel very sick.
You hear some strange, mumbled words.
Something tries to affect you, but you resist.
You are too injured to fight recklessly!
You feel very sick. Something hits you.
* * * LOW HITPOINT WARNING * * *
You are lethally poisoned!
Things that are here:
a +0 falchion; an orc corpse It was a potion of attraction.
You feel attractive to monsters.
* * * LOW HITPOINT WARNING * * *
You feel very sick. Something hits you.
* * * LOW HITPOINT WARNING * * *
You are more poisoned.
Your inugami hits something.
It was a potion of berserk rage.
A red film seems to cover your vision as you go berserk!
You feel yourself moving faster!
You feel mighty!
* * * LOW HITPOINT WARNING * * *
You feel very sick. Something hits you.
* * * LOW HITPOINT WARNING * * *
Your inugami barely misses something.
You feel a strong urge to attack something.
You die...

##### ######### #...#
#......$# #...#
#.......#
########...###.......#
.......'.....'.......+
########...###h5@....#
#...# #))..?..# #...#
#.......# #...#
#.......# #...#
#.......# #...#
######### #...# ####
...#


You could see a friendly cerulean imp (summoned) and a friendly inugami
(summoned).

Vanquished Creatures
  7 adders
  A dart slug (D:2)
  3 orcs (D:3)
  3 ball pythons
  3 bats
  2 endoplasms
  5 giant cockroaches
  3 goblins
  3 hobgoblins
  2 jackals (D:1)
  3 kobolds
  3 frilled lizards
  2 rats
40 creatures vanquished.

Vanquished Creatures (collateral kills)
  2 adders (D:3)
  A dart slug (D:1)
  4 orcs
  2 giant cockroaches
  A goblin (D:2)
  2 hobgoblins (D:2)
  2 jackals (D:1)
  2 kobolds
16 creatures vanquished.

Grand Total: 56 creatures vanquished

Notes
Turn   | Place    | Note
-------+----------+-------------------------------------------
     0 | D:1      | spaghetti the Demonspawn Summoner began the quest for the
                  | Orb.
     0 | D:1      | Reached XP level 1. HP: 13/13 MP: 3/3
   206 | D:1      | Gained mutation: You are partially covered in sharp spines.
                  | [demonic ancestry]
   206 | D:1      | Reached XP level 2. HP: 16/19 MP: 3/5
   209 | D:1      | Learned a level 2 spell: Call Imp
   707 | D:2      | Identified the +1 rapier of Wukhloxe {heavy, Str+4 Int+3}
   838 | D:2      | Reached XP level 3. HP: 19/24 MP: 7/7
   842 | D:2      | Learned a level 3 spell: Call Canine Familiar
  1204 | D:2      | Found an ornate altar of the Wu Jian Council.
  1361 | D:2      | Gained mutation: Your movements are slightly less
                  | encumbered by armour. (ER -2) [demonic ancestry]
  1361 | D:2      | Reached XP level 4. HP: 26/30 MP: 8/8
  1501 | D:2      | Reached skill level 5 in Summonings
  1927 | D:3      | Identified the staff of Fortitude {Fly rN+ Int-5 Necro Air
                  | Alchemy}
  2115 | D:3      | Learned a level 4 spell: Summon Blazeheart Golem
  2127 | D:3      | Reached XP level 5. HP: 35/35 MP: 5/10
  2495 | D:3      | HP: 2/52 [something (1)]
  2496 | D:3      | Succumbed to an orc wizard's poison

Illustrated notes

Levels and vault maps discovered:
D:1:      wander_arrival_abandoned_jail, layout_rooms, serial_co_window_serial,
          co_window_of_opportunity_a, co_window_corner_a, co_window_paths_a,
          co_window_corner_a, co_window_of_opportunity_a, co_window_corner_cb,
          co_window_unsneaky_path_b, co_window_of_opportunity_c,
          co_window_broadway_c, co_window_2corner, co_window_broadway_a,
          co_window_corner_b, minmay_misc_feat_enclosed, minivault_5,
          item_on_display_a
D:2:      layout_loops_corners, basic_altar, guppyfry_early_orc_mine
D:3:      layout_basic

Skill      XL: |  1  2  3  4 |
---------------+-------------+-----
Spellcasting   | 3 |  3.7
Summonings     | 5 |  5.3
Dodging        | |  1.7
Stealth        | |  1.7
Fire Magic     | |  0.3

Action                     |  1- 3 |  4- 6 || total
---------------------------+-------+-------++-------
  Melee: Unarmed           |    48 |       ||    48
         Rapier            |    20 |    24 ||    44
   Cast: Summon Small Mamm |    11 |     2 ||    13
         Call Imp          |     5 |     8 ||    13
         Call Canine Famil |     1 |     7 ||     8
    Use: Scroll            |     3 |     1 ||     4
         Potion            |       |     2 ||     2
   Stab: Sleeping          |     1 |     2 ||     3
 Armour: Robe              |    51 |    25 ||    76
  Dodge: Dodged            |    50 |    20 ||    70
